 Dungeon Crawl Stone Soup version 0.28.0-53-g5a82cb258f (webtiles) character file.

Game seed: 18100960577775559072

1992 Peloso the Carver (level 9, -5/75 HPs)
             Began as a Minotaur Fighter on July 14, 2022.
             Was a Believer of Okawaru.
             Slain by a cyclops (25 damage)
             ... on level 6 of the Dungeon.
             The game lasted 00:10:25 (8093 turns).

Peloso the Carver (Minotaur Fighter)                Turns: 8093, Time: 00:10:25

Health: -5/75      AC: 18    Str: 23    XL:     9   Next: 1%
Magic:  8/8        EV:  7    Int:  5    God:    Okawaru [**....]
Gold:   197        SH:  5    Dex: 12    Spells: 8/8 levels left

rFire   . . .      SeeInvis .   a - +0 long sword
rCold   . . .      Faith    .   c - +0 buckler
rNeg    + . .      Spirit   .   z - +0 plate armour
rPois   .          Reflect  .   (helmet restricted)
rElec   .          Harm     .   (no cloak)
rCorr   .          Rampage  .   (no gloves)
Will    .....                   (no boots)
Stlth   ..........              (no amulet)
HPRegen 0.22/turn               f - +4 ring of protection
MPRegen 0.11/turn               v - ring of positive energy

@: no status effects
A: horns 2, retaliatory headbutt
a: Renounce Religion, Heroism


You were on level 6 of the Dungeon.
You worshipped Okawaru.
Okawaru was pleased with you.
You visited 2 branches of the dungeon, and saw 7 of its levels.
You also visited: Sewer.

You collected 257 gold pieces.
You spent 60 gold pieces at shops.

Inventory:

Hand Weapons
 a - a +0 long sword (weapon)
 b - a +0 short sword of flaming
Armour
 c - a +0 buckler (worn)
 r - a +0 chain mail
 z - a +0 plate armour (worn)
Jewellery
 f - a +4 ring of protection (left hand)
 h - a ring of flight
 i - a +6 ring of intelligence
 v - a ring of positive energy (right hand)
Wands
 x - a wand of flame (18)
Scrolls
 g - 3 scrolls of vulnerability {unknown}
 n - 3 scrolls of fear {unknown}
 o - 2 scrolls of teleportation {unknown}
 p - 3 scrolls of magic mapping
 s - a scroll of summoning {unknown}
 u - a scroll of holy word {unknown}
 w - a scroll of enchant armour {unknown}
 y - 2 scrolls of noise {unknown}
 A - a scroll of fog {unknown}
 B - a scroll of brand weapon {unknown}
Potions
 d - 5 potions of might
 e - a potion of magic {unknown}
 j - a potion of flight
 k - a potion of haste
 l - a potion of cancellation
 m - 3 potions of invisibility
 q - 4 potions of heal wounds {unknown}
 t - 3 potions of curing {unknown}


   Skills:
 + Level 6.2 Fighting
 + Level 9.3 Long Blades
 + Level 8.8 Armour
 + Level 2.3 Dodging
 + Level 0.2 Stealth
 + Level 5.4 Shields
 + Level 0.3 Invocations


You had 8 spell levels left.
You didn't know any spells.
Your spell library contained the following spells:

 Spells                   Type           Power      Damage    Failure   Level
 Conjure Flame            Conj/Fire      0%         6-21      100%        3
 Ignite Poison            Fire/Tmut/Pois 0%         N/A       100%        3
 Sticky Flame             Conj/Fire      0%         2d3       100%        4


Dungeon Overview and Level Annotations

Branches:
Dungeon (6/15)             Temple (1/1) D:4           Sewer (visited)

Altars:
Ashenzari
Dithmenos
Elyvilon
Hepliaklqana
Kikubaaqudgha
Makhleb
Nemelex Xobeh
Okawaru
Qazlal
Sif Muna
Uskayaw
Wu Jian
Xom
Yredelemnul
Zin
The Shining One

Shops:
D:5 **

Annotations:
D:5 Dig


Innate Abilities, Weirdness & Mutations

You have a pair of horns on your head.
You reflexively headbutt those who attack you in melee.


Message History

You can't go up here!
You climb downwards.
There is a stone staircase leading up, spattered with blood here.
The gnoll hits you but does no damage.
You barely miss the gnoll. You headbutt the gnoll.
The gnoll is heavily wounded.
You block the gnoll's attack.
You hit the gnoll.
The gnoll is heavily wounded.
The gnoll hits you but does no damage.
You slash the gnoll!
You kill the gnoll!
Okawaru accepts your kill.
You see here a +0 halberd.
You now have 197 gold pieces (gained 11).
A cyclops comes into view.
A cyclops is nearby!
The cyclops shouts!
You hit the cyclops but do no damage. The cyclops hits you!
You slash the cyclops!
The cyclops is lightly wounded.
You hit the cyclops but do no damage. You headbutt the cyclops.
The cyclops is lightly wounded.
The cyclops hits you!
You slash the cyclops! You headbutt the cyclops!
The cyclops is heavily wounded.
The cyclops hits you!!
You hit the cyclops but do no damage.
The cyclops is heavily wounded.
The cyclops barely misses you.
You hit the cyclops.
The cyclops is severely wounded.
You barely miss the cyclops. You headbutt the cyclops.
The cyclops is severely wounded.
The cyclops hits you.
* * * LOW HITPOINT WARNING * * *
You hit the cyclops but do no damage.
The cyclops is severely wounded.
The cyclops hits you!!
You die...

#...#.#.#.#.#.#. #...#.#.#.#.#.#.
##.##.###.###.### #
#..########.### # .#### #.##
#......## ..>.## #.## #.......###
.....# ### ###..## ##.........
<....## ###.###.....###.......###
....#.###....###@.............#
.g.g#..#......sC#.............#
#.......##..#.).#....<....#####
#..##.......#.#............####
....#.........#...............###
#..#.........####.)...........#..
#.)##.....#....##........(.......
...##..#........#............#...
.......#....##.............###...


You could see a cyclops and a scorpion.

Vanquished Creatures
  Maggie (D:6)
  A steam dragon (D:6)
  Menkaure (D:5)
  Pargi (Sewer)
  A water moccasin (D:5)
  2 orc warriors
  An ice beast (D:5)
  A centaur (D:6)
  2 phantoms (D:4)
  A gnoll sergeant (D:5)
  2 scorpions (D:4)
  A wyvern zombie (D:5)
  A bullfrog zombie (D:6)
  2 hounds (D:4)
  A jelly (D:6)
  A bullfrog skeleton (D:4)
  An orc wizard (D:6)
  An iguana (D:5)
  A hound zombie (D:5)
  A hound skeleton (D:4)
  9 gnolls
  7 adders
  A shadow imp (D:5)
  2 ufetubi (D:5)
  2 worms (D:4)
  4 dart slugs
  7 orcs
  6 endoplasms
  4 giant cockroaches
  8 hobgoblins
  5 jackals
  7 quokkas
  9 ball pythons
  4 bats
  2 frilled lizards (D:1)
  5 goblins
  9 kobolds
  7 rats
122 creatures vanquished.

Vanquished Creatures (others)
  4 withered plants (D:1)
4 creatures vanquished.

Grand Total: 126 creatures vanquished

Notes
Turn   | Place    | Note
-------+----------+-------------------------------------------
     0 | D:1      | Peloso the Minotaur Fighter began the quest for the Orb.
     0 | D:1      | Reached XP level 1. HP: 19/19 MP: 0/0
   243 | D:1      | Reached XP level 2. HP: 27/27 MP: 1/1
   589 | D:1      | Found a faded altar of an unknown god.
  1108 | D:2      | Reached XP level 3. HP: 32/33 MP: 2/2
  1226 | D:2      | Reached skill level 3 in Long Blades
  1251 | D:2      | Found a broken altar of Ashenzari.
  2214 | D:3      | Reached XP level 4. HP: 40/40 MP: 3/3
  3396 | D:4      | Reached skill level 4 in Long Blades
  3462 | D:4      | Reached XP level 5. HP: 36/46 MP: 4/4
  3567 | D:4      | Noticed a phantom
  3582 | D:4      | Killed a phantom
  3583 | D:4      | Reached skill level 5 in Armour
  3583 | D:4      | Reached skill level 1 in Dodging
  3619 | D:4      | Reached skill level 5 in Long Blades
  3674 | D:4      | Noticed a phantom
  3693 | D:4      | Killed a phantom
  3694 | D:4      | Reached XP level 6. HP: 25/53 MP: 5/5
  4026 | D:4      | Found a hide-covered altar of Uskayaw.
  4670 | D:4      | Reached skill level 6 in Long Blades
  4670 | D:4      | Reached XP level 7. HP: 56/60 MP: 6/6
  4720 | D:4      | Found a staircase to the Ecumenical Temple.
  4787 | Temple   | Entered the Ecumenical Temple
  4876 | Temple   | Became a worshipper of Warmaster Okawaru
  5173 | D:5      | Entered Level 5 of the Dungeon
  5281 | D:5      | Found a glowing drain.
  5319 | Sewer    | Entered a sewer
  5370 | Sewer    | Noticed Pargi
  5385 | Sewer    | Killed Pargi
  5724 | D:5      | Reached skill level 5 in Fighting
  5882 | D:5      | Reached skill level 7 in Long Blades
  6081 | D:5      | Found Iqamohof's Specific Store.
  6083 | D:5      | Found Xaskal's General Store.
  6088 | D:5      | Reached * piety under Okawaru
  6097 | D:5      | Bought a scroll of magic mapping for 38 gold pieces
  6097 | D:5      | Bought a scroll of identify for 22 gold pieces
  6191 | D:5      | Noticed Menkaure
  6198 | D:5      | Killed Menkaure
  6199 | D:5      | Reached XP level 8. HP: 20/69 MP: 7/7
  6651 | D:6      | Reached skill level 5 in Shields
  6730 | D:6      | Noticed Maggie
  6745 | D:6      | Killed Maggie
  6746 | D:6      | Reached skill level 8 in Long Blades
  7427 | D:6      | Reached ** piety under Okawaru
  7428 | D:6      | Reached skill level 9 in Long Blades
  7909 | D:5      | Reached XP level 9. HP: 59/75 MP: 8/8
  8079 | D:6      | Noticed a cyclops
  8093 | D:6      | Slain by a cyclops

Illustrated notes

Levels and vault maps discovered:
D:1:      ncdulo_wetmaze, layout_basic, ebering_ecumenical_altar_petrified
D:2:      layout_basic, basic_altar, chequers_mini_garden
D:3:      layout_basic, serial_co_window_serial, co_window_cross_1,
          co_window_corner_a, co_window_corner_a, co_window_paths_a,
          co_window_paths_b, co_window_2corner, co_window_of_opportunity_b,
          co_window_of_opportunity_c, co_window_broadway_a, co_window_2corner,
          co_window_corner_b, co_window_4corner_a, glass_columns_b,
          glass_columns_a
D:4:      layout_basic, general_overflow_altar, minmay_temple_entry_offerings
D:5:      layout_basic, portal_sewer_entry_f, nicolae_specific_store,
          due_unseen_surprise, uniq_menkaure
D:6:      layout_cave_pools, grunt_decor_resistance, uniq_maggie
Temple:   regret_index_temple_waves

Skill      XL: |  1  2  3  4  5  6  7  8 |
---------------+-------------------------+-----
Armour         | 4 5 6 7 8 |  8.8
Fighting       | 4 5 6 |  6.2
Shields        | 4 5 |  5.4
Long Blades    | 3 4 5 6 7 9 |  9.3
Dodging        | 1 2 |  2.3
Stealth        | |  0.2
Invocations    | |  0.3

Action                   |  1- 3 |  4- 6 |  7- 9 || total
-------------------------+-------+-------+-------++-------
Melee: Long sword        |    88 |   128 |   195 ||   411
       Headbutt          |    13 |    24 |    41 ||    78
Invok: Heroism           |       |       |     2 ||     2
  Use: Scroll            |     1 |       |     5 ||     6
       Potion            |     1 |       |       ||     1
Armor: Scale mail        |    49 |    33 |       ||    82
       Chain mail        |       |    33 |    83 ||   116
       Plate armour      |       |       |    53 ||    53
Dodge: Dodged            |    49 |    48 |    69 ||   166
Block: Buckler           |    31 |    20 |    48 ||    99
